 Dungeon Crawl Stone Soup version 0.19-a0-1870-gc32fe5a (webtiles) character file.

88 Folque01 the Magician (level 4, -2/29 HPs)
             Began as an Octopode Wizard on Oct 13, 2016.
             Slain by an orc
             ... wielding a +0 hand axe
              (3 damage)
             ... on level 3 of the Dungeon.
             The game lasted 00:12:38 (1932 turns).

Folque01 the Magician (Octopode Wizard)             Turns: 1932, Time: 00:12:39

Health: -2/29      AC:  1    Str:  5 (6)  XL:     4   Next: 53%
Magic:  2/13       EV: 18    Int: 19 (21) God:
Gold:   131        SH:  0    Dex: 12 (15) Spells: 4 memorised, 9 levels left

rFire  . . .     SeeInvis +     g - +0 whip
rCold  . . .     Gourm    .     (no shield)
rNeg   + . .     Faith    .     a - +0 hat
rPois  .         Spirit   .     (no amulet)
rElec  .         Dismiss  .     d - ring of positive energy
rCorr  .         Reflect  .     i - ring of see invisible
MR     .....     Harm     .     (no ring)
Stlth  +++.......               (no ring)
                                (no ring)
                                (no ring)
                                (no ring)
                                (no ring)

@: confused, agile, very slightly contaminated, hasted (expiring), very quick
A: almost no armour, stealthy swim, amphibious, 8 rings, constrict 8, camouflage
1, gelatinous body 1
a: no special abilities


You were on level 3 of the Dungeon.
You were not hungry.

You visited 1 branch of the dungeon, and saw 3 of its levels.

You collected 131 gold pieces.

Inventory:

Hand Weapons
 g - a +0 whip (weapon)
Armour
 a - a +0 hat (worn)
Jewellery
 d - a ring of positive energy (left tentacle)
 i - a ring of see invisible (right tentacle)
Scrolls
 m - a scroll of remove curse
 o - a scroll of identify
Potions
 l - a potion of brilliance {unknown}
 n - a potion of resistance {unknown}
 p - a potion of mutation {unknown}
Books
 b - a book of Minor Magic

   Spells                             Type                      Level
   a - Magic Dart                     Conjuration                  1
   b - Blink                          Translocation                2
   c - Call Imp                       Summoning                    2
   d - Repel Missiles                 Charms/Air                   2
   e - Slow                           Hexes                        2
   f - Conjure Flame                  Conjuration/Fire             3
   g - Mephitic Cloud                 Conjuration/Poison/Air       3
Comestibles
 c - 3 bread rations
 f - 9 fruits
 k - a meat ration
 r - 2 chunks of flesh


   Skills:
 - Level 2.0 Fighting
 - Level 2.0 Dodging
 - Level 2.6 Stealth
 - Level 7.0 Spellcasting
 - Level 4.6 Conjurations
 - Level 4.6 Summonings
 * Level 1.0 Translocations
 + Level 5.4 Poison Magic


You had 9 spell levels left.
You knew the following spells:

 Your Spells              Type           Power        Failure   Level  Hunger
a - Magic Dart            Conj           ###.         1%          1    None
b - Call Imp              Summ           ###.....     2%          2    None
c - Blink                 Tloc           N/A          12%         2    None
d - Mephitic Cloud        Conj/Pois/Air  ###.....     10%         3    #......


Dungeon Overview and Level Annotations

Branches:
Dungeon (3/15)

Altars:
Makhleb
Nemelex Xobeh


Innate Abilities, Weirdness & Mutations

You cannot wear most types of armour.
You are very stealthy in the water. (Stealth+)
You are amphibious.
You can wear up to eight rings at the same time.
You can use your tentacles to constrict eight enemies at once.
Your skin changes colour to match your surroundings (Stealth+).
Your rubbery body absorbs attacks. (AC +1, EV +1)


Message History

You closely miss the hound. You squeeze the hound.
The hound is moderately wounded.
The frilled lizard closely misses you.
You hit the orc.
The orc is heavily wounded.
The orc barely misses you. The frilled lizard bites you.
* * * LOW HITPOINT WARNING * * *
You hit the orc.
The orc is severely wounded.
The orc misses you. The frilled lizard misses you.
Your extra speed is starting to run out.
The hound bites the orc but does no damage.
You bump into the rock wall.
You closely miss the orc. Your squeeze misses the orc.
The orc is severely wounded.
The orc closely misses you. x2
You closely miss the orc. Your squeeze misses the orc.
The orc is severely wounded.
The orc misses you. The orc hits you with a hand axe.
You die...

......+
..$........#
..#...#
...........#
..#...#
...........#
#.#...#
.......###o#
#.#...# .......
#o# ..#...#
####...... #.#
###...#
##l######## #.#
...# ##ooo##
#######o#
#.@#..###.......#
#.###ho##b#######
#.. #...#.# #..†
##..5.# #._.
#....# ##∩#
##!..# ## ##..#
####


You could see 3 orcs and a frilled lizard.

Vanquished Creatures
  2 dart slugs
  5 bats
  A giant cockroach (D:1)
  A goblin (D:1)
  5 hobgoblins
  A jackal (D:3)
  4 frilled lizards
  4 kobolds
  7 rats
30 creatures vanquished.

Vanquished Creatures (collateral kills)
  An adder (D:2)
  An ooze (D:2)
  A worm (D:2)
3 creatures vanquished.

Grand Total: 33 creatures vanquished

Notes
Turn   | Place    | Note
-------+----------+-------------------------------------------
     0 | D:1      | Folque01 the Octopode Wizard began the quest for the Orb.
     0 | D:1      | Reached XP level 1. HP: 11/11 MP: 4/4
   150 | D:1      | Reached XP level 2. HP: 18/18 MP: 4/6
   155 | D:1      | Reached skill level 1 in Fighting
   549 | D:1      | Learned a level 2 spell: Call Imp
   552 | D:1      | Learned a level 2 spell: Blink
  1133 | D:2      | Found a sparkling altar of Nemelex Xobeh.
  1163 | D:2      | Reached XP level 3. HP: 23/24 MP: 3/7
  1168 | D:2      | Learned a level 3 spell: Mephitic Cloud
  1791 | D:2      | Reached skill level 7 in Spellcasting
  1791 | D:2      | Reached skill level 5 in Poison Magic
  1791 | D:2      | Reached XP level 4. HP: 29/29 MP: 9/13
  1916 | D:3      | Found a burning altar of Makhleb.
  1926 | D:3      | HP: 1/29 [frilled lizard (2)]
  1932 | D:3      | Slain by an orc

Vault maps used:
D:1:      dpeg_arrival_lava_temple_mockup
D:2:      marbit_many_paths
D:3:      first_bread, makhleb_blood_cavern_becter

Skill      XL: |  1  2  3 |
---------------+----------+-----
Fighting       | 1 2 |  2.0
Spellcasting   | 7 |  7.0
Conjurations   | 4 |  4.6
Summonings     | 4 |  4.6
Poison Magic   | 5 |  5.4
Dodging        | |  2.0
Stealth        | |  2.6
Translocations | |  1.0

Action                   |  1- 3 |  4- 6 || total
-------------------------+-------+-------++-------
Melee: Whip              |    33 |     8 ||    41
       Constrict         |     7 |     1 ||     8
       Tentacles         |     4 |     1 ||     5
 Cast: Magic Dart        |    46 |     2 ||    48
       Call Imp          |     8 |     1 ||     9
       Mephitic Cloud    |       |     2 ||     2
       Blink             |       |     1 ||     1
  Use: Scroll            |     7 |       ||     7
       Potion            |     1 |     3 ||     4
 Stab: Sleeping          |     4 |     1 ||     5
  Eat: Chunk             |     3 |       ||     3
Armor: Skin              |     6 |     5 ||    11
Dodge: Dodged            |    14 |    31 ||    45
